 Dungeon Crawl Stone Soup version 0.21-a0-84-g85d6d27 (webtiles) character file.

70 nikopol the Digger (level 4, -1/24 HPs)
             Began as a Gargoyle Earth Elementalist on June 24, 2017.
             Slain by Sigmund
             ... wielding a +0 scythe
              (11 damage)
             ... on level 2 of the Dungeon.
             The game lasted 00:06:40 (1341 turns).

nikopol the Digger (Gargoyle Earth Elementalist)    Turns: 1341, Time: 00:06:41

Health: -1/24      AC:  5    Str: 12    XL:     4   Next: 21%
Magic:  4/8        EV: 12    Int: 16    God:
Gold:   77         SH:  0    Dex: 10    Spells: 4/8 levels left

rFire    . . .     SeeInvis .   f - +0 dagger (venom)
rCold    . . .     Gourm    .   (no shield)
rNeg     + . .     Faith    .   c - +0 robe
rPois    ∞         Spirit   .   (no helmet)
rElec    +         Reflect  .   (no cloak)
rCorr    .         Harm     .   (no gloves)
MR       .....                  (no boots)
Stlth    +.........             (no amulet)
HPRegen  0.08/turn              (no ring)
MPRegen  0.11/turn              (no ring)

@: confused
A: negative energy resistance 1, electricity resistance, unbreathing,
petrification resistance, rot immunity, AC +3
a: no special abilities


You were on level 2 of the Dungeon.
You were hungry.

You visited 1 branch of the dungeon, and saw 2 of its levels.

You collected 77 gold pieces.

Inventory:

Hand Weapons
 f - a +0 dagger of venom (weapon)
Armour
 c - a +0 robe (worn)
Scrolls
 a - a scroll of fog {unknown}
 h - a scroll of teleportation {unknown}
 i - a scroll of random uselessness {unknown}
Potions
 g - a potion of might {unknown}
 j - a potion of flight {unknown}
 l - 3 potions of curing {unknown}
Books
 e - a book of Geomancy

   Spells                             Type                      Level
   a - Sandblast                      Earth                        1
   b - Passwall                       Transmutation/Earth          2
   c - Stone Arrow                    Conjuration/Earth            3
   d - Petrify                        Transmutation/Earth          4
   e - Lee's Rapid Deconstruction     Earth                        5
Comestibles
 d - 2 bread rations
 k - 2 fruits


   Skills:
 + Level 1.7 Dodging
 + Level 2.3 Stealth
 + Level 2.9 Spellcasting
   Level 0.7 Transmutations
 + Level 4.9 Earth Magic


You had 4 spell levels left.
You knew the following spells:

 Your Spells              Type           Power        Failure   Level  Hunger
a - Sandblast             Erth           ###...       2%          1    #......
b - Stone Arrow           Conj/Erth      ##....       21%         3    ###....


Dungeon Overview and Level Annotations

Branches:
Dungeon (2/15)

Altars:

Annotations:
D:2 Sigmund


Innate Abilities, Weirdness & Mutations

You are resistant to torment.
Your stone body is resilient. (AC +3)
You are immune to poison.
You resist negative energy. (rN+)
You are resistant to electric shocks. (rElec)
You can survive without breathing.
You are immune to petrification.
You are immune to rotting.


Message History

The stone arrow hits Sigmund.
Sigmund is heavily wounded.
You are feeling hungry.
Sigmund casts a spell at you. You resist with some effort.
Sigmund casts a spell at you.
You are confused.
You bump into the rock wall.
Sigmund gestures at you while chanting.
You are more confused.
You bump into the rock wall.
Sigmund hits you from afar with a scythe!
You're too confused to move!
Sigmund hits you but does no damage.
You're too confused to move!
Sigmund gestures at you while chanting. The magic dart hits you!
Sigmund casts a spell at you.
You are more confused.
Sigmund hits you with a scythe!
You die...

###.# ........ #...#
....... ##.### .......
#..# ........ #.##
##......... #.###
#..........
#...#######..........
###.@................
##@.....#..........
######..........#.....
#......................
#####.................#
######........###..
#.......## ###
###..#..### #....####
##########.#.##


You could see Sigmund.

Vanquished Creatures
  A gnoll (D:2)
  2 adders
  An ooze (D:2)
  2 worms (D:2)
  2 leopard geckos (D:1)
  3 bats
  A giant cockroach (D:1)
  6 goblins
  5 hobgoblins
  2 kobolds
  5 frilled lizards
  A rat (D:2)
31 creatures vanquished.

Notes
Turn   | Place    | Note
-------+----------+-------------------------------------------
     0 | D:1      | nikopol the Gargoyle Earth Elementalist began the quest for the Orb.
     0 | D:1      | Reached XP level 1. HP: 10/10 MP: 3/3
     8 | D:1      | Noticed an electric eel
   117 | D:1      | Reached skill level 4 in Earth Magic
   158 | D:1      | Reached XP level 2. HP: 15/15 MP: 3/5
   802 | D:2      | Reached XP level 3. HP: 16/19 MP: 2/6
  1045 | D:1      | Learned a level 3 spell: Stone Arrow
  1169 | D:2      | Reached XP level 4. HP: 24/24 MP: 2/8
  1319 | D:2      | Noticed Sigmund
  1341 | D:2      | Slain by Sigmund

Vault maps used:
D:1:      arrival_aquarium_a, minmay_fountain_box
D:2:      uniq_sigmund

Skill      XL: |  1 |
---------------+----+-----
Earth Magic    | 4 |  4.9
Dodging        | |  1.7
Stealth        | |  2.3
Spellcasting   | |  2.9
Transmutations | |  0.7

Action                   |  1- 3 |  4- 6 || total
-------------------------+-------+-------++-------
Melee: Dagger            |     6 |     6 ||    12
 Cast: Sandblast         |    47 |       ||    47
       Stone Arrow       |     2 |     4 ||     6
  Eat: Chunk             |     1 |     1 ||     2
Armor: Robe              |     8 |     1 ||     9
Dodge: Dodged            |    16 |     2 ||    18
